 Dungeon Crawl Stone Soup version 0.29.1-12-g30fa7ad0bf (webtiles) character file.

Game seed: 12985624577378123813

41 bnorton916 the Firebug (level 3, -7/19 HPs)
             Began as a Deep Elf Fire Elementalist on Jan 3, 2023.
             Mangled by an iguana (10 damage)
             ... on level 3 of the Dungeon.
             The game lasted 00:01:17 (2497 turns).

bnorton916 the Firebug (Deep Elf Fire Elementalist) Turns: 2497, Time: 00:01:17

Health: -7/19      AC:  2    Str:  5    XL:     3   Next: 32%
Magic:  8/10       EV: 12    Int: 21    God:
Gold:   127        SH:  0    Dex: 15    Spells: 8/9 levels left

rFire   . . .      SeeInvis .   (no weapon)
rCold   . . .      Faith    .   (no shield)
rNeg    . . .      Spirit   .   a - +0 robe
rPois   .          Reflect  .   (no helmet)
rElec   .          Harm     .   (no cloak)
rCorr   .          Rampage  .   (no gloves)
Will    .....                   (no boots)
Stlth   ++........              (no amulet)
HPRegen 0.06/turn               (no ring)
MPRegen 0.12/turn               (no ring)

@: no status effects
A: no striking features
a: no special abilities


You were on level 3 of the Dungeon.
You visited 1 branch of the dungeon, and saw 3 of its levels.

You collected 127 gold pieces.

Inventory:

Hand Weapons
 k - a +0 short sword of venom
Missiles
 m - 2 throwing nets
Armour
 a - a +0 robe (worn)
Jewellery
 l - a ring of see invisible
Wands
 f - a wand of quicksilver (5)
 p - a wand of charming (13)
Scrolls
 c - 2 scrolls of identify {unknown}
 d - a scroll of magic mapping {unknown}
 h - 2 scrolls of noise {unknown}
 n - a scroll of teleportation {unknown}
 o - a scroll of blinking {unknown}
Potions
 b - a potion of magic
 e - 2 potions of might {unknown}
 g - a potion of curing {unknown}
 i - a potion of haste {unknown}
 j - a potion of lignification {unknown}


   Skills:
 - Level 2.4 Dodging
 - Level 2.4 Stealth
 + Level 3.9 Spellcasting
 + Level 2.2 Conjurations
 + Level 3.9 Fire Magic


You had 8 spell levels left.
You knew the following spells:

 Your Spells              Type           Power      Damage    Failure   Level
a - Foxfire               Conj/Fire      68%        2x1d7     3%          1

Your spell library contained the following spells:

 Spells                   Type           Power      Damage    Failure   Level
 Scorch                   Fire           40%        2d7       3%          2
 Conjure Flame            Conj/Fire      17%        6-21      11%         3
 Inner Flame              Hex/Fire       12%        N/A       16%         3
 Flame Wave               Conj/Fire      17%        2d7       34%         4
 Animate Dead             Necr           4%         N/A       77%         4
 Haunt                    Necr/Summ      2%         N/A       100%        7
 Infestation              Necr           2%         N/A       100%        8


Dungeon Overview and Level Annotations

Branches:
Dungeon (3/15)

Altars:


Message History

Your foxfire dissipates!
Magic restored.
An iguana comes into view.
An iguana is nearby!
An iguana is nearby!
An iguana is nearby!
Casting: Foxfire (safe; 3% risk of failure)
Confirm with . or Enter, or press ? or * to list all spells.
You conjure some foxfire!
The foxfire hits the iguana but does no damage.
The iguana hisses angrily.
The iguana hisses menacingly.
Casting: Foxfire (safe; 3% risk of failure)
Confirm with . or Enter, or press ? or * to list all spells.
You conjure some foxfire!
The foxfire hits the iguana but does no damage.
Your foxfire dissipates!
Casting: Foxfire (safe; 3% risk of failure)
Confirm with . or Enter, or press ? or * to list all spells.
There is not enough space to conjure foxfire!
Your foxfire dissipates!
The iguana attacks as you move away! The iguana bites you!
The iguana attacks as you move away!
The iguana bites you but does no damage.
The iguana attacks as you move away! The iguana bites you!
* * * LOW HITPOINT WARNING * * *
The iguana attacks as you move away! The iguana bites you.
* * * LOW HITPOINT WARNING * * *
Casting: Foxfire (safe; 3% risk of failure)
Confirm with . or Enter, or press ? or * to list all spells.
You conjure some foxfire!
The iguana barely misses you.
The foxfire hits the iguana.
The iguana is lightly wounded.
The iguana closely misses you.
Unknown command.
Casting: Foxfire (safe; 3% risk of failure)
Confirm with . or Enter, or press ? or * to list all spells.
You conjure some foxfire!
The iguana bites you!
Ouch! That really hurt!
You die...

#.# #.# .# #.#
#.# #.# #.#
#.# #.#### #.#
#....##### #.#
##........#
#l####.......#
#@v..........#
######.......#
#.#...###
#.#...#
#.##..#######
#.##........#
#.##.######.#
#.##.# #.. #.
#.# #..


You could see an iguana (ally target).

Vanquished Creatures
  An adder (D:2)
  A worm (D:2)
  4 endoplasms
  3 giant cockroaches
  A hobgoblin (D:1)
  3 jackals (D:1)
  4 kobolds
  A quokka (D:1)
  A ball python (D:2)
  4 frilled lizards
  A goblin (D:2)
  4 rats
28 creatures vanquished.

Vanquished Creatures (others)
  167 foxfires
167 creatures vanquished.

Grand Total: 195 creatures vanquished

Notes
Turn   | Place    | Note
-------+----------+-------------------------------------------
     0 | D:1      | bnorton916 the Deep Elf Fire Elementalist began the quest
                  | for the Orb.
     0 | D:1      | Reached XP level 1. HP: 10/10 MP: 6/6
   401 | D:1      | Reached XP level 2. HP: 15/15 MP: 5/8
   652 | D:1      | Found a faded altar of an unknown god.
   878 | D:1      | You fall into a shaft and drop 1 floor!
  1556 | D:2      | Reached XP level 3. HP: 13/19 MP: 2/10
  2497 | D:3      | Mangled by an iguana

Illustrated notes

Levels and vault maps discovered:
D:1:      minmay_arrival_three_doors, layout_basic,
          hellmonk_ecumenical_altar_lost_god, columned_hall_lemuel,
          minmay_misc_feat_encased
D:2:      layout_basic, minmay_crystal_water
D:3:      layout_loops_ring, chequers_serial_rivers_micro_a,
          nicolae_underground_beach

Skill      XL: |  1  2 |
---------------+-------+-----
Conjurations   | 2 |  2.2
Dodging        | |  2.4
Stealth        | |  2.4
Spellcasting   | |  3.9
Fire Magic     | |  3.9

Action                   || total
-------------------------++-------
 Cast: Foxfire           ||   101
Armor: Robe              ||     3
Dodge: Dodged            ||    12
